 Dungeon Crawl Stone Soup version 0.28.0 (webtiles) character file.

Game seed: 12064428001557182676

14 ProzacElf the Chopper (level 2, 25/25 HPs)
             Began as a Minotaur Gladiator on Feb 18, 2022.
             Quit the game on level 1 of the Dungeon.
             The game lasted 00:03:08 (950 turns).

ProzacElf the Chopper (Minotaur Gladiator)           Turns: 950, Time: 00:03:09

Health: 25/25      AC:  3    Str: 18    XL:     2   Next: 31%
Magic:  1/1        EV: 12    Int:  5    God:
Gold:   49         SH:  0    Dex: 11    Spells: 1/1 levels left

rFire   . . .      SeeInvis .   a - +0 war axe
rCold   . . .      Faith    .   (no shield)
rNeg    . . .      Spirit   .   b - +0 leather armour
rPois   .          Reflect  .   c - +0 hat
rElec   .          Harm     .   (no cloak)
rCorr   .          Rampage  .   (no gloves)
Will    .....                   (no boots)
Stlth   +.........              (no amulet)
HPRegen 0.08/turn               (no ring)
MPRegen 0.07/turn               (no ring)

@: no status effects
A: horns 2, retaliatory headbutt
a: no special abilities


You were on level 1 of the Dungeon.
You visited 1 branch of the dungeon, and saw 1 of its levels.

You collected 49 gold pieces.

Inventory:

Hand Weapons
 a - a +0 war axe (weapon)
Missiles
 d - 3 throwing nets (quivered)
 f - 18 arrows
Armour
 b - a +0 leather armour (worn)
 c - a +0 hat (worn)
Jewellery
 i - an amulet of guardian spirit
Scrolls
 e - 2 scrolls of vulnerability {unknown}
 g - a scroll of amnesia {unknown}
 j - a scroll of identify {unknown}
Potions
 h - 2 potions of curing {unknown}


   Skills:
 - Level 2.4 Fighting
 + Level 4.1 Axes
 - Level 2.0 Throwing
 + Level 3.7 Dodging


You had one spell level left.
You didn't know any spells.
Your spell library was empty.

Dungeon Overview and Level Annotations

Branches:
Dungeon (1/15)

Altars:

Shops:
D:1 *


Innate Abilities, Weirdness & Mutations

You have a pair of horns on your head.
You reflexively headbutt those who attack you in melee.


Message History

A kobold comes inta view.
It be wieldin' a +0 dagger.
Tha kobold shouts!
Ye hit tha kobold.
Tha kobold be heavily wounded.
Tha kobold misses ye.
Ye hit tha kobold.
Tha kobold be severely wounded.
Tha kobold hits ye but does nay damage.
Tha kobold misses ye.
Ye furiously retaliate!
Ye headbutt tha kobold.
Ye kill tha kobold!
Thin's tha be 'ere: a +0 dagger; a kobold corpse A kobold comes inta view.
It be wieldin' a +0 dagger.
Tha kobold shouts!
Ye barely miss tha kobold.
Tha kobold hits ye but does nay damage.
Ye hit tha kobold.
Ye kill tha kobold!
Nay target in view!
Nay target in view!
Nay target in view!
Nay target in view!
Nay target in view!
Nay target in view!
Nay target in view!
Nay target in view!
Nay target in view!
Nay target in view!
Nay target in view!
Nay target in view!
Nay target in view!
Nay target in view!
Thin's tha be 'ere: a +0 dagger; a kobold corpse Done 'splorin'.
Nay target in view!
Done 'splorin'.
Welcome back, ProzacElf tha Minotaur Gladiator.
Press ? fer a list o' commands an' othar information.
Done 'splorin'.
Be ye sure ye want ta abandon 'tis character an' quit tha game? (Confirm wit' "aye".)

########## #@.......#########
#.######.##......# ##### #.#
##.##.#..... ##...## #.#
###.)##.#.##.#
###)###.####)###.........##.#
#...# #..............#.####.#
#.#.###.#########...##.# ##.#
#.##....# ##.###.###..#
#.###.#.# #.# #....∩.#


There were no monsters in sight!

Vanquished Creatures
  A ball python (D:1)
  5 endoplasms (D:1)
  A goblin (D:1)
  2 kobolds (D:1)
  A bat (D:1)
  A frilled lizard (D:1)
  2 rats (D:1)
13 creatures vanquished.

Notes
Turn   | Place    | Note
-------+----------+-------------------------------------------
     0 | D:1      | ProzacElf the Minotaur Gladiator began the quest for the
                  | Orb.
     0 | D:1      | Reached XP level 1. HP: 18/18 MP: 0/0
   207 | D:1      | Found Hyddo's General Store.
   332 | D:1      | Reached skill level 4 in Axes
   332 | D:1      | Reached XP level 2. HP: 21/25 MP: 1/1
   950 | D:1      | Quit the game

Illustrated notes

Levels and vault maps discovered:
D:1:      lightli_arrival_farm, layout_loops_corners, serial_shops, shop

Skill      XL: |  1 |
---------------+----+-----
Axes           | 4 |  4.1
Fighting       | |  2.4
Throwing       | |  2.0
Dodging        | |  3.7

Action                   || total
-------------------------++-------
Melee: War axe           ||    18
 Stab: Sleeping          ||     2
Armor: Leather armour    ||     2
Dodge: Dodged            ||    12
